Map: Acid Plant LE

Players

LiquidTLO (TLO)

  • Race: Zerg Zerg
  • Spawn Location: 11:00

Reynor - Winner!

  • Race: Zerg Zerg
  • Spawn Location: 5:00

Event: WCS Montreal 2018

VOD

Have the link to the VOD?

Description

Time

  • Played on: Sept. 7, 2018, 12:56 p.m.
  • Length: 6:27

All games in this series

Show
View Real Time Build Order
Export as new Build Order

LiquidTLO Zerg 

Build Orders: 3 Hatch before Pool 

Get SALT Encoding   

  12  0:01  Drone  
  13  0:08  Drone  
  14  0:16  Overlord  
  14  0:35  Drone x2  
  16  0:48  Hatchery  
  15  0:51  Drone  
  15  0:56  Drone  
  17  0:59  Drone  
  18  1:17  Drone  
  19  1:23  Hatchery  
  18  1:29  Extractor  
  18  1:30  Drone  
  18  1:41  Spawning Pool  
  18  1:43  Drone  
  19  1:47  Drone  
  19  1:55  Drone  
  19  2:00  Drone  
  22  2:01  Drone  
  22  2:10  Drone  
  22  2:12  Drone  
  24  2:24  Drone  
  24  2:25  Drone  
  24  2:27  Queen  
  28  2:32  Metabolic Boost  
  28  2:34  Queen  
  28  2:35  Zergling x2  
  31  2:37  Zergling x2  
  31  2:40  Zergling x2  
  34  2:44  Zergling x2  
  34  2:50  Baneling Nest  
  33  2:52  Overlord  
  33  2:55  Drone  
  34  3:02  Overlord  
  34  3:10  Drone x2  
  34  3:11  Drone x2  
  34  3:12  Drone  
  38  3:16  Zergling x2  
  38  3:19  Queen  
  39  3:23  Drone  
  39  3:25  Drone  
  43  3:29  Zergling x2  
  43  3:30  Drone  
  43  3:33  Drone  
  46  3:36  Baneling x2  
  46  3:41  Queen  
  48  3:42  Overlord  
  48  3:46  Drone  
  49  3:56  Evolution Chamber  
  49  3:57  Baneling x2  
  49  3:58  Drone  
  49  4:00  Drone  
  49  4:02  Drone x3  
  50  4:03  Drone x3  
  50  4:08  Zergling x4  
  54  4:10  Overlord  
  54  4:12  Drone x2  
  54  4:15  Drone  
  54  4:16  Extractor, Zergling x2  
  56  4:20  Zergling x2  
  56  4:21  Zergling x2  
  58  4:25  Lair  
  58  4:26  Baneling x2  
  58  4:30  Drone  
  59  4:31  Drone  
  59  4:32  Drone  
  59  4:33  Drone  
  59  4:34  Zergling x2  
  59  4:35  Drone  
  59  4:36  Drone  
  54  4:40  Drone  
  54  4:43  Drone  
  54  4:44  Drone  
  56  4:45  Drone  
  56  4:48  Drone x2  
  56  4:50  Drone  
  56  4:52  Drone  
  60  4:53  Drone  
  60  4:57  Drone  
  60  4:59  Drone  
  63  5:04  Baneling x2  
  63  5:06  Extractor, Drone  
  63  5:08  Zergling x6  
  63  5:10  Queen  
  63  5:11  Zergling x2  
  66  5:14  Zergling x4  
  66  5:20  Queen  
  65  5:23  Drone  
  65  5:25  Extractor, Drone, Spire  
  65  5:28  Baneling  
  63  5:29  Zergling x2  
  63  5:34  Drone  
  61  5:37  Zergling x4  
  61  5:38  Drone x2  
  61  5:39  Drone  
  61  5:40  Drone  
  61  5:41  Drone  
  64  5:43  Drone  
  64  5:49  Baneling x2  
  65  5:54  Drone  
  66  6:04  Drone x2  
  65  6:05  Drone  
  65  6:06  Drone  
Show
View Real Time Build Order
Export as new Build Order

Reynor Zerg - Winner!

Build Orders: Hatch First, Zergling Baneling 

Get SALT Encoding   

  12  0:00  Drone  
  13  0:12  Overlord  
  13  0:17  Drone  
  14  0:31  Drone x2  
  16  0:42  Drone  
  17  0:51  Hatchery  
  17  0:55  Drone  
  17  0:59  Drone  
  18  1:08  Extractor  
  17  1:14  Spawning Pool  
  17  1:16  Drone  
  17  1:20  Drone  
  18  1:27  Drone  
  19  1:38  Overlord  
  19  2:00  Zergling x4  
  19  2:01  Queen  
  21  2:03  Zergling x2  
  21  2:04  Queen  
  26  2:11  Drone, Metabolic Boost  
  26  2:14  Drone  
  28  2:21  Drone  
  29  2:29  Drone  
  30  2:42  Hatchery  
  30  2:43  Drone x2  
  31  2:53  Drone, Baneling Nest  
  31  2:58  Queen  
  31  3:04  Overlord  
  33  3:07  Drone  
  33  3:14  Zergling x4  
  35  3:20  Overlord  
  35  3:23  Drone  
  35  3:24  Drone x2  
  35  3:26  Zergling x2  
  39  3:30  Drone  
  40  3:35  Zergling x2  
  40  3:37  Baneling x4  
  40  3:40  Zergling x2  
  42  3:43  Drone  
  42  3:44  Drone  
  42  3:45  Drone  
  42  3:48  Evolution Chamber  
  44  3:49  Drone  
  44  3:52  Drone  
  46  3:56  Zergling x4  
  46  4:01  Drone x2  
  49  4:03  Drone  
  48  4:10  Zergling x2  
  48  4:11  Baneling x2  
  48  4:12  Drone x3  
  48  4:15  Overlord  
  51  4:20  Zergling x6  
  51  4:23  Drone  
  55  4:27  Extractor, Zergling x2  
  55  4:35  Drone x3  
  55  4:37  Zergling x8  
  59  4:40  Overlord  
  59  4:44  Zergling x4  
  59  4:46  Drone  
  59  4:50  Drone  
  61  4:54  Drone, Baneling  
  61  4:55  Baneling  
  61  4:57  Drone  
  61  4:59  Drone  
  64  5:00  Drone x2  
  64  5:02  Zergling x2  
  64  5:05  Overlord  
  67  5:07  Drone x2  
  67  5:08  Zergling x2  
  68  5:14  Baneling x3  
  68  5:15  Baneling, Zergling x6  
  68  5:17  Drone x2  
  71  5:21  Zergling x4  
  71  5:27  Extractor  
  69  5:28  Roach Warren  
  69  5:30  Zergling x10  
  69  5:35  Drone x3  
  74  5:37  Drone x2  
  74  5:42  Overlord  
  75  5:43  Drone x2  
  77  5:50  Baneling x2, Zergling x4  
  77  5:53  Drone  
  77  5:54  Zergling x2  
  77  5:56  Drone  
  81  6:03  Extractor, Zergling x12  
  84  6:05  Drone x2  
  84  6:06  Baneling x3  
Tags
 
Add a new tag
Caveats
  • Supply blocks, unpowered buildings, or Contaminate may cause inaccurate times.
  • Supply counts are checked every 10 seconds.